 Dungeon Crawl Stone Soup version 0.25-a0-589-g1e14c54 (webtiles) character file.

Game seed: 8158062671391038524, levelgen mode: deterministic

827 BlueFish the Slasher (level 7, 0/61 HPs)
             Began as a Minotaur Fighter on Mar 12, 2020.
             Slain by Ijyb
             ... wielding a +0 club
              (2 damage)
             ... on level 4 of the Dungeon.
             The game lasted 00:06:00 (3083 turns).

BlueFish the Slasher (Minotaur Fighter)             Turns: 3083, Time: 00:06:01

Health: 0/61       AC:  3    Str: 21    XL:     7   Next: 64%
Magic:  6/6        EV: 11    Int:  5    God:
Gold:   148        SH:  4    Dex: 11    Spells: 6/6 levels left

rFire    . . .     SeeInvis .   a - +0 long sword
rCold    . . .     Gourm    .   m - +0 buckler
rNeg     . . .     Faith    .   i - +0 ring mail
rPois    .         Spirit   .   (helmet restricted)
rElec    .         Reflect  .   j - scarf {repulsion}
rCorr    .         Harm     .   h - +0 pair of gloves
MR       .....                  (no boots)
Stlth    +.........             (no amulet)
HPRegen  0.20/turn              (no ring)
MPRegen  0.10/turn              (no ring)

@: mighty, corroded, slowed, repel missiles, very slow
A: retaliatory headbutt, horns 2
a: no special abilities


You were on level 4 of the Dungeon.
You were not hungry.

You visited 1 branch of the dungeon, and saw 4 of its levels.
You also visited: Sewer.

You collected 148 gold pieces.

Inventory:

Hand Weapons
 a - a +0 long sword (weapon)
Armour
 c - a +1 kite shield
 h - a +0 pair of gloves (worn)
 i - a +0 ring mail (worn)
 j - a scarf of repulsion (worn)
 m - a +0 buckler (worn)
Wands
 p - a wand of random effects (22)
Scrolls
 e - a scroll of enchant armour
 g - 2 scrolls of blinking
 k - 3 scrolls of remove curse
 l - a scroll of fear
 r - 2 scrolls of teleportation
Potions
 b - 2 potions of cancellation
 n - a potion of curing
 o - 2 potions of flight {unknown}
 q - 2 potions of mutation {unknown}
 s - a potion of berserk rage {unknown}
 t - a potion of magic {unknown}
 u - a potion of heal wounds {unknown}
 v - a potion of haste {unknown}
Comestibles
 f - 6 rations
 w - 3 chunks of flesh


   Skills:
 * Level 5.6 Fighting
 * Level 7.7 Long Blades
 * Level 6.3 Armour
 + Level 1.3 Dodging
 + Level 4.1 Shields


You had 6 spell levels left.
You didn't know any spells.
Your spell library was empty.

Dungeon Overview and Level Annotations

Branches:
Dungeon (4/15)              Sewer (visited)
 Temple: D:4-7

Altars:
Qazlal
Uskayaw

Annotations:
D:4 Ijyb


Innate Abilities, Weirdness & Mutations

You reflexively headbutt those who attack you in melee.
You have a pair of horns on your head.


Message History

The orc wizard blinks!
Ijyb zaps a wand.
The bolt of acid hits you!
You are splashed with acid!
You feel very mighty all of a sudden. The orc wizard casts a spell at you.
You resist with some effort.
Ijyb zaps a wand.
The bolt of acid hits you!!
* * * LOW HITPOINT WARNING * * *
The acid corrodes you!
You are splashed with acid!
* * * LOW HITPOINT WARNING * * *
You slash Ijyb!
Ijyb is severely wounded.
The orc wizard barely misses you. Ijyb hits you but does no damage.
The orc wizard hits you but does no damage.
Ijyb hits you but does no damage.
You closely miss Ijyb.
Ijyb is severely wounded.
The orc wizard barely misses you.
You riposte.
You hit the orc wizard.
The orc wizard is heavily wounded.
The orc wizard hits you but does no damage.
Ijyb hits you with a +0 club.
You die...

#.^.. ^ . #≈^. ^# ......#
#≈^# .§§# #...#.#
#≈.##§.§§#.§#. #####.
#..#.#####.§§≈^.§§...#.
...... #..#........§§§_..
....## ######
#.......#....≈.... ≈^....
.....# #(.......(....≈..#
#...
####.#####.....o@.≈.^#.§.#
#...
#...#......^...g.....# §§#
#...
#..###.###.........^§≈≈...
#..[ ..##
##..........###.##.# #.#.
#.. ##.......<..## .#
...#.#.#.
#.#.#.#.##.##....# .#
#.......
.......(##.##........
.......##
..##.#####.##.##.##.#
h##..## .....# #.##.# .# #
#. ###


You could see Ijyb and an orc wizard.

Vanquished Creatures
  A sky beast (D:3)
  An ogre (D:4)
  2 big kobolds (Sewer)
  2 orc wizards (D:3)
  A centaur zombie (D:3)
  A bullfrog skeleton (D:4)
  Crazy Yiuf (D:2)
  A gnoll shaman (D:4)
  Jessica (D:2)
  Natasha (thrice) (D:2)
  5 gnolls (D:4)
  7 adders
  A river rat (Sewer)
  An ooze (Sewer)
  An adder skeleton (D:4)
  3 worms
  2 dart slugs (D:2)
  5 leopard geckos
  6 orcs
  2 ball pythons
  6 bats
  5 giant cockroaches
  9 goblins
  6 hobgoblins
  7 jackals
  15 kobolds
  7 frilled lizards
  A jackal skeleton (D:4)
  12 rats
115 creatures vanquished.

Notes
Turn   | Place    | Note
-------+----------+-------------------------------------------
     0 | D:1      | BlueFish the Minotaur Fighter began the quest for the Orb.
     0 | D:1      | Reached XP level 1. HP: 19/19 MP: 0/0
   176 | D:1      | Reached XP level 2. HP: 27/27 MP: 1/1
   563 | D:1      | Reached XP level 3. HP: 34/34 MP: 2/2
   695 | D:2      | Noticed Jessica
   699 | D:2      | Killed Jessica
   699 | D:2      | Reached skill level 3 in Long Blades
   723 | D:2      | Noticed Natasha
   730 | D:2      | Killed Natasha
   730 | D:2      | Reached XP level 4. HP: 18/41 MP: 3/3
   903 | D:2      | Found a runed translucent door.
   904 | D:2      | Noticed Crazy Yiuf
  1212 | D:2      | Noticed Natasha
  1218 | D:2      | Killed Natasha
  1218 | D:2      | Reached skill level 5 in Armour
  1218 | D:2      | Reached XP level 5. HP: 41/47 MP: 4/4
  1565 | D:2      | Noticed Natasha
  1575 | D:2      | Killed Natasha
  1575 | D:2      | Reached skill level 4 in Long Blades
  1678 | D:2      | Killed Crazy Yiuf
  1759 | D:3      | Reached skill level 5 in Fighting
  1936 | D:3      | Noticed a sky beast
  1942 | D:3      | Killed a sky beast
  1942 | D:3      | Reached skill level 5 in Long Blades
  1942 | D:3      | Reached XP level 6. HP: 45/56 MP: 5/5
  1992 | D:3      | Reached skill level 1 in Dodging
  2078 | D:3      | Found a hide-covered altar of Uskayaw.
  2286 | D:4      | Reached skill level 6 in Long Blades
  2296 | D:4      | Reached XP level 7. HP: 30/61 MP: 6/6
  2353 | D:4      | Found a glowing drain.
  2357 | Sewer    | Entered a sewer
  2750 | Sewer    | Reached skill level 7 in Long Blades
  3065 | D:4      | Found a stormy altar of Qazlal.
  3070 | D:4      | Noticed Ijyb
  3081 | D:4      | HP: 1/61 [acid (7)]
  3083 | D:4      | Slain by Ijyb

Levels and vault maps discovered:
D:1:      eino_arrival_water_cross, layout_loops_ring, kennysheep_nondescript
D:2:      layout_basic, serial_rivers, chequers_serial_rivers_marsh,
          chequers_serial_rivers_small_a, chequers_serial_rivers_small_3,
          chequers_serial_rivers_small_a, chequers_serial_rivers_micro_c,
          chequers_serial_rivers_small_b, minmay_randomly_rotated_circles,
          uniq_crazy_yiuf_cottage, uniq_jessica, uniq_natasha
D:3:      layout_basic, lemuel_doored_altar, st_stairs_7
D:4:      layout_loops_ring, grunt_qazlal_sundering, gup_sewer_entry_bowl,
          serial_shops, shop_statue, uniq_ijyb

Skill      XL: |  1  2  3  4  5  6  7 |
---------------+----------------------+-----
Fighting       | 4 5 |  5.6
Shields        | 4 |  4.1
Armour         | 4 5 6 |  6.3
Long Blades    | 3 5 6 7 |  7.7
Dodging        | 1 |  1.3

Action                   |  1- 3 |  4- 6 |  7- 9 || total
-------------------------+-------+-------+-------++-------
Melee: Long sword        |    44 |   110 |    93 ||   247
       Headbutt          |     4 |    20 |     8 ||    32
  Use: Scroll            |     5 |     4 |     2 ||    11
       Potion            |       |       |     2 ||     2
  Eat: Chunk             |       |     4 |     4 ||     8
Armor: Ring mail         |    17 |    35 |    21 ||    73
       Scale mail        |     1 |       |       ||     1
Dodge: Dodged            |    17 |    66 |    42 ||   125
       Deflected         |     2 |     1 |     2 ||     5
Block: Buckler           |       |     5 |    15 ||    20
       Rpst.: Long sword |     6 |    16 |    10 ||    32

Table legend:
 A = Non-vault XP
 B = Vault XP
 C = Vault XP percentage of total XP
 D = Non-vault monster count
 E = Vault monster count
 F = Vault count percentage of total count
                 A         B        C        D         E       F
            +---------+---------+-------+---------+---------+-------
      Total |     764 |     418 |  35.4 |      84 |      31 |  27.0
            +---------+---------+-------+---------+---------+-------
        D:1 |      43 |       0 |   0.0 |      26 |       0 |   0.0
        D:2 |     119 |     127 |  51.6 |      20 |       9 |  31.0
        D:3 |     315 |       1 |   0.3 |      23 |       1 |   4.2
        D:4 |     287 |       4 |   1.4 |      15 |       2 |  11.8
      Sewer |       0 |     286 | 100.0 |       0 |      19 | 100.0
            +---------+---------+-------+---------+---------+-------
